woodfighter, neutral female human Wizard -- .| ------- ..! |...... .. |.<...| # |......##*#######`# ----+-- @ X# s s woodfighter the Thaumaturge Experience level: 9 Strength: 10 Dexterity: 12 Constitution: 15 Intelligence: 19 Wisdom: 17 Charisma: 9 Health: 0(65) Energy: 39(109) Def: 7 Gold: 10 Moves: 9177 Dungeon seed: H4yoQV7F5e-EY62M Game ID: woodfighter_1447323250 Your Inventory: Coins $ - 10 gold pieces Amulets U - a blessed amulet of ESP (being worn) Weapons a - a blessed +1 quarterstaff (weapon in hands) Armor e - an uncursed greased +0 cloak of magic resistance (being worn) n - a blessed +0 helmet (being worn) v - an uncursed +0 studded leather armor (being worn) y - an uncursed +0 pair of gauntlets of dexterity (being worn) N - an uncursed +0 pair of speed boots (being worn) Comestibles g - an uncursed tin of python meat C - an uncursed sprig of wolfsbane D - 4 uncursed food rations E - an uncursed fortune cookie Spellbooks V - an uncursed spellbook of remove curse Wands m - a wand of sleep (0:1) Tools c - an uncursed skeleton key d - an uncursed stethoscope s - an uncursed sack t - an uncursed towel L - an uncursed oil lamp (0:1452) R - a can of grease (0:3) Gems T - an uncursed luckstone Contents of the sack: 362 gold pieces an uncursed scroll of destroy armor a blessed scroll of light a cursed scroll of light an uncursed scroll of taming an uncursed spellbook of identify an uncursed potion of extra healing a cursed potion of extra healing an uncursed potion of hallucination an uncursed potion of sleeping a potion of unholy water an uncursed ring of free action a +0 pick-axe Spells and supernatural/magical abilities: Name Level Category Fail Memory a - force bolt 1 attack 0% 55% e - charm monster 3 enchantment 0% 95% h - healing 1 healing 0% 95% k - knock 1 matter 0% 95% m - magic missile 2 attack 0% 80% S - stone to flesh 3 healing 75% 55% W - pray for help -- divine ? -- Your skills at the end: Miscellaneous Skills wands [Basic] Weapon Skills quarterstaff [Basic] Spellcasting Skills attack spells [Expert] enchantment spells [Basic] Final Attributes: You were devoutly aligned. You were magic-protected. You were telepathic. You were very fast. You were lucky. You had extra luck. Bad luck did not time out for you. Good luck did not time out for you. You are dead. Vanquished creatures: a large mimic a small mimic a pyrolisk a large cat a tengu a crocodile a leocrotta an elf mummy a cobra a soldier a succubus a giant beetle a wolf 2 leprechauns 2 mountain nymphs 4 giant spiders a scorpion a horse an ice vortex a gnome king an orc mummy an ogre a brown pudding an owlbear a dog a jaguar 3 dwarf lords a raven a snake a rope golem a soldier ant a baby crocodile 8 Mordor orcs 2 Uruk-hai 12 orc shamans a rock mole a rock piercer 3 ponies a shrieker a violet fungus 8 gnome lords 5 gnomish wizards a red naga hatchling a gray ooze a barrow wight 4 elf zombies a little dog 7 floating eyes a kitten 20 dwarves a homunculus 3 kobold lords an iguana 10 hill orcs 2 rabid rats 2 giant bats 3 orc zombies a dwarf zombie a werejackal 8 killer bees a gas spore 7 hobbits an acid blob a large kobold 5 geckos 5 hobgoblins 4 giant rats 4 cave spiders a brown mold a yellow mold a green mold 47 gnomes 4 manes 10 jackals a fox 2 kobolds 8 newts 11 goblins 2 sewer rats 6 grid bugs 6 bats 9 lichens 4 kobold zombies 290 creatures vanquished. Voluntary challenges: You had been an atheist until turn 4592. You used a wielded weapon 73 times, starting on turn 70. You did not apply a unicorn horn. You read items or engraved 17 times, starting on turn 4978. You never genocided any monsters. You never polymorphed an object. You never changed form. You used no wishes. You never split a pudding. You never wrote Elbereth's name. You never violated your personal moral code. Dungeon overview: The Dungeons of Doom: levels 1 to 8 Level 1 a fountain, a sink a long staircase Level 2 Level 3 (locked box + stash) an armor shop, some fountains Level 4 (locked box) stairs to The Gnomish Mines Level 5 a fountain Level 6 Level 7 a scroll shop, a fountain Level 8 <- You were here The Gnomish Mines: levels 5 to 12 Level 5 stairs to The Dungeons of Doom Level 6 Level 7 Level 8 many shops, a temple to Ptah, a magic chest, some fountains Level 9 Level 10 Level 11 Level 12 many altars to Moloch, some fountains History has recorded: On T:1 you entered the Dungeons of Doom to retrieve the Amulet of Yendor! On T:38 you reached level 2 of The Dungeons of Doom. On T:222 you advanced to experience level 2. On T:423 you advanced to experience level 3. On T:668 you reached level 3 of The Dungeons of Doom. On T:1029 you advanced to experience level 4. On T:1758 you reached level 4 of The Dungeons of Doom. On T:1818 you reached level 5 of The Dungeons of Doom. On T:2005 you advanced to experience level 5. On T:2311 you reached level 1 of The Gnomish Mines. On T:2503 you advanced to experience level 6. On T:2549 you reached level 2 of The Gnomish Mines. On T:3536 you reached level 3 of The Gnomish Mines. On T:3770 you advanced to experience level 7. On T:4113 you reached level 4 of The Gnomish Mines. On T:4584 you entered the Minetown temple On T:4760 you opened a magic chest. On T:4861 you opened a magic chest. On T:4862 you opened a magic chest. On T:4975 you opened a magic chest. On T:4976 you opened a magic chest. On T:4976 you opened a magic chest. On T:4980 you opened a magic chest. On T:4980 you opened a magic chest. On T:4995 you advanced to experience level 8. On T:5234 you reached level 5 of The Gnomish Mines. On T:5350 you reached level 6 of The Gnomish Mines. On T:5943 you opened a magic chest. On T:5993 you reached level 7 of The Gnomish Mines. On T:6111 you opened a magic chest. On T:6472 you opened a magic chest. On T:6473 you opened a magic chest. On T:6598 you advanced to experience level 9. On T:6650 you reached level 8 of The Gnomish Mines. On T:6650 you reached the bottom of the Mines. On T:7995 you opened a magic chest. On T:8010 you opened a magic chest. On T:8010 you opened a magic chest. On T:8012 you opened a magic chest. On T:8365 you reached level 6 of The Dungeons of Doom. On T:8669 you reached level 7 of The Dungeons of Doom. On T:8933 you reached level 8 of The Dungeons of Doom. Score breakdown: Gold: 372 ( 37 points) Experience: 9 levels ( 800 points) Exploration: 12 levels ( 330 points) Discoveries: 21 items ( 1050 points) Variety of kills: 83 monsters ( 2000 points) Major goal: reached Mine's End ( 1000 points) Survival: died (score multiplied by 3) Total score: 15651 Latest messages: You put an uncursed scroll labeled GARVEN DEH into the magic chest. You put an uncursed scroll labeled ANDOVA BEGARIN into the magic chest. You put a blessed scroll labeled KIRJE into the magic chest. You put an uncursed scroll labeled VENZAR BORGAVVE into the magic chest. You put an uncursed scroll labeled ELAM EBOW into the magic chest. You put 2 uncursed scrolls of identify into the magic chest. You put an uncursed spellbook of magic missile into the magic chest. You put an uncursed brown potion into the magic chest. You put 2 uncursed yellow potions into the magic chest. You put an uncursed bubbly potion into the magic chest. You put an uncursed potion of invisibility into the magic chest. You put an uncursed wand called turn undead into the magic chest. You put an uncursed wand of create monster into the magic chest. You put 6 blessed tallow candles into the magic chest. You put an uncursed violet gem into the magic chest. You put 2 uncursed yellowish brown gems into the magic chest. You put a red gem into the magic chest. You put 2 uncursed red gems into the magic chest. You put 2 uncursed orange gems into the magic chest. You put an uncursed orange gem into the magic chest. You put 2 uncursed green gems into the magic chest. You feel better. The xorn claws you! (3x) The xorn bites! You die... Final status: Goodbye woodfighter the Wizard, killed by a xorn... You died in The Dungeons of Doom on dungeon level 8 with 15651 points, and 372 pieces of gold, after 9177 moves. You were level 9 with a maximum of 65 hit points when you died.